 Dungeon Crawl Stone Soup version 0.21.1-1-g345015fe64 (webtiles) character file.

24616 Jannitor the Fighter (level 12, -1/58 HPs)
             Began as a Felid Earth Elementalist on May 12, 2018.
             Was a High Priest of Sif Muna.
             Killed by divine providence
             ... invoked by Saint Roka
              (9 damage)
             ... on level 2 of the Orcish Mines on May 14, 2018.
             The game lasted 01:25:43 (25116 turns).

Jannitor the Fighter (Felid Earth Elementalist)    Turns: 25116, Time: 01:25:44

Health: -1/58      AC:  3    Str:  4    XL:     12   Next: 82%
Magic:  28/34      EV: 26    Int: 20    God:    Sif Muna [*****.]
Gold:   391        SH:  0    Dex: 21    Spells: 0/27 levels left
                                        Lives:  0   Deaths: 3

rFire    . . .     SeeInvis +     - Unarmed
rCold    + . .     Gourm    .   (shield unavailable)
rNeg     . . .     Faith    .   (armour unavailable)
rPois    .         Spirit   .   (helmet unavailable)
rElec    .         Reflect  .   (cloak unavailable)
rCorr    .         Harm     .   (gloves unavailable)
MR       .....                  (boots unavailable)
Stlth    +++++.....             z - amulet of magic regeneration
HPRegen  0.19/turn              J - +3 ring of dexterity
MPRegen  0.49/turn              H - ring of magical power

@: about to teleport, vulnerable, drained, quick
A: very small, no armour, no weapons or thrown items, stealth, claws 1, fangs 3,
see invisible, carnivore, speed 1, shaggy fur 3, slow metabolism 1, sharp paws
a: Divine Energy, Channel Magic, Forget Spell, Renounce Religion


You were on level 2 of the Orcish Mines.
You worshipped Sif Muna.
Sif Muna was extremely pleased with you.
You were not hungry.

You visited 4 branches of the dungeon, and saw 18 of its levels.
You also visited: Labyrinth, Sewer, Bailey and Volcano.

You collected 1349 gold pieces.
You spent 958 gold pieces at shops.

Inventory:

Missiles
 b - 336 stones
Jewellery
 n - an uncursed ring of resist corrosion
 t - the ring "Baoruh" {MP-9 Int+5 Slay+2}
   (You took it off a minotaur in a labyrinth)

   [ring of slaying]

   It affects your intelligence (+5).
   It affects your accuracy and damage with ranged weapons and melee attacks
   (+2).
   It affects your magic capacity (-9).
 v - the ring "Mexkesue" {Str+3 Stlth+}
   (You found it in a labyrinth)

   [ring of stealth]

   It affects your strength (+3).
   It makes you more stealthy.
 w - an uncursed amulet of harm
 y - an uncursed amulet of guardian spirit
 z - an amulet of magic regeneration (around neck)
 H - a ring of magical power (right paw)
 J - a +3 ring of dexterity (left paw)
Wands
 a - a wand of polymorph (7)
 g - a wand of random effects (17)
 o - a wand of enslavement (22)
 q - a wand of iceblast (9)
 s - a wand of flame (63)
 B - a wand of scattershot (5)
 D - a wand of disintegration (10)
Scrolls
 e - 6 scrolls of identify
 f - 8 scrolls of amnesia
 j - 3 scrolls of fog
 l - 7 scrolls of remove curse
 r - 2 scrolls of teleportation
 x - a scroll of magic mapping
 A - a scroll of blinking
 K - a scroll of acquirement
Potions
 h - a potion of flight
 i - a potion of agility
 k - 2 potions of might
 m - 2 potions of magic
 u - a potion of cancellation
 E - a potion of brilliance
 F - a potion of mutation
Books
 d - a book of Geomancy

   Spells                             Type                      Level
   a - Sandblast                      Earth                        1
   b - Passwall                       Transmutation/Earth          2
   c - Stone Arrow                    Conjuration/Earth            3
   d - Petrify                        Transmutation/Earth          4
   e - Lee's Rapid Deconstruction     Earth                        5
 p - a book of Debilitation

   Spells                             Type                      Level
   a - Corona                         Hexes                        1
   b - Slow                           Hexes                        2
   c - Inner Flame                    Hexes/Fire                   3
   d - Portal Projectile              Hexes/Translocation          3
   e - Cause Fear                     Hexes                        4
   f - Leda's Liquefaction            Hexes/Earth                  4
 G - a book of Minor Magic

   Spells                             Type                      Level
   a - Magic Dart                     Conjuration                  1
   b - Blink                          Translocation                2
   c - Call Imp                       Summoning                    2
   d - Slow                           Hexes                        2
   e - Conjure Flame                  Conjuration/Fire             3
   f - Mephitic Cloud                 Conjuration/Poison/Air       3
 I - Fosicu's Catalogue of Air and Combat Magic
   (Sif Muna gifted it to you on level 2 of the Orcish Mines)

   Spells                             Type                      Level
   a - Throw Frost                    Conjuration/Ice              2
   b - Fulminant Prism                Conjuration/Hexes            4
   c - Throw Icicle                   Conjuration/Ice              4
   d - Conjure Ball Lightning         Conjuration/Air              6
   e - Tornado                        Air                          9
 L - a book of Callings

   Spells                             Type                      Level
   a - Summon Small Mammal            Summoning                    1
   b - Call Imp                       Summoning                    2
   c - Call Canine Familiar           Summoning                    3
   d - Summon Guardian Golem          Hexes/Summoning              3
   e - Summon Lightning Spire         Summoning/Air                4
   f - Summon Ice Beast               Ice/Summoning                4
 N - a Grand Grimoire

   Spells                             Type                      Level
   a - Monstrous Menagerie            Summoning                    7
   b - Summon Greater Demon           Summoning                    7
   c - Malign Gateway                 Summoning/Translocation      7
   d - Summon Horrible Things         Summoning                    8
 O - Sif Muna's Almanac of the Compass and Heat
   (Sif Muna gifted it to you on level 2 of the Orcish Mines)

   Spells                             Type                      Level
   a - Gell's Gravitas                Translocation                3
   b - Lesser Beckoning               Translocation                3
   c - Teleport Other                 Translocation                3
   d - Force Lance                    Conjuration/Translocation    4
   e - Bolt of Magma                  Conjuration/Fire/Earth       5
   f - Ignition                       Fire                         8
   g - Controlled Blink               Translocation                8
Miscellaneous
 C - a sack of spiders
Comestibles
 c - 28 rations


   Skills:
 + Level 10.1(9.8) Fighting
 - Level 9.1(8.8) Dodging
 - Level 9.2(8.9) Stealth
 - Level 6.2(5.9) Unarmed Combat
 + Level 8.4(8.0) Spellcasting
 - Level 4.0(3.8) Conjurations
 - Level 6.2(6.0) Hexes
 + Level 1.9(1.7) Summonings
 - Level 7.0(6.7) Translocations
 - Level 6.2(5.9) Transmutations
 - Level 9.5(9.2) Earth Magic
 - Level 3.1(2.8) Evocations


You couldn't memorise any spells.
You knew the following spells:

 Your Spells              Type           Power        Failure   Level  Hunger
a - Sandblast             Erth           #####.       1%          1    None
b - Stone Arrow           Conj/Erth      ####..       1%          3    None
c - Passwall              Tmut/Erth      #####.....   1%          2    None
d - Lee's Rapid Deconstr  Erth           #####.....   5%          5    #####..
e - Petrify               Tmut/Erth      #####...     3%          4    ###....
f - Cause Fear            Hex            ####......   7%          4    ###....
g - Slow                  Hex            ####....     1%          2    None
h - Blink                 Tloc           N/A          1%          2    None
i - Summon Lightning Spi  Summ/Air       ##......     52%         4    ###....


Dungeon Overview and Level Annotations

Branches:
Dungeon (11/15)            Temple (1/1) D:4            Lair (4/6) D:9
 Spider (0/4) Lair:2          Orc (2/2) D:9             Elf (0/3) Orc:2
  Swamp: Lair:2-4    Shoals: Lair:2-4

Altars:
Ashenzari
Cheibriados
Elyvilon
Fedhas
Gozag
Hepliaklqana
Makhleb
Nemelex Xobeh
Qazlal
Ru
Sif Muna
Trog
Vehumet
Yredelemnul
Beogh

Shops:
D:11 *   Orc:2 ?*

Annotations:
D:3 Peloso's ghost, amateur DsFi
D:4 Mrkan's ghost, amateur DsFi
D:6 1 runed door, Peloso's ghost, novice DsFi
D:11 exclusion: ugly thing, Gastronok
Lair:1 exclusions: 2 killer bees, spiny frog and water moccasin
Lair:2 exclusions: hydra and molten gargoyle
Orc:2 Saint Roka


Innate Abilities, Weirdness & Mutations

You cannot wear armour.
You are incapable of wielding weapons or throwing items.
Your paws allow you to move quietly. (Stealth)
You have sharp claws.
You have razor-sharp teeth.
You have supernaturally acute eyesight. (SInv)
You are carnivorous and can eat meat at any time.
You cover ground quickly.
Your thick and shaggy fur keeps you warm. (AC +3, rC+)
You have a slow metabolism.
Your sharp claws are effective at attacking unaware monsters.


Message History

You eviscerate Saint Roka!!!
Saint Roka is lightly wounded.
The helpless Saint Roka fails to defend himself.
You eviscerate Saint Roka!!!
Saint Roka is moderately wounded.
Saint Roka is no longer petrified.
Saint Roka hits you with a long sword!
You scratch Saint Roka but do no damage.
You claw Saint Roka, but do no damage.
Saint Roka is moderately wounded.
Saint Roka invokes the aid of Beogh against you.
Beogh smites you!
* * * LOW HITPOINT WARNING * * *
Okay, then.
Unknown command.
As you read the scroll of teleportation, it crumbles to dust.
You feel strangely unstable.
Okay, then.
Saint Roka calls down the wrath of Beogh upon you.
Beogh smites you!
You die...

#...).##
##.#
###[###
##.....#
#.##
##).)..#
##.#).#####
#...⌠...
####[.#
##.....#
##[##
##...##
##.# #####
##o# ##.##
#@>.# ##.##
###


You could see Saint Roka.

Vanquished Creatures
  A minotaur (Lab)
  A hydra (Lair:2)
  4 two-headed ogres
  2 deep elf magi
  4 orc knights (Orc:2)
  An orb spider (Lair:2)
  4 orc sorcerers (Orc:2)
  An elephant (Lair:3)
  Joseph (D:8)
  Psyche (D:9)
  A gargoyle (D:11)
  2 black mambas (Lair:1)
  6 spiny frogs
  A rime drake (Lair:3)
  A yaktaur (Volcano)
  A minotaur skeleton (Lab)
  4 trolls
  2 hippogriffs
  A spriggan (D:7)
  2 redbacks (Lab)
  2 shadows (Lab)
  A wyvern (D:9)
  Sigmund (D:3)
  2 hungry ghosts
  2 basilisks
  22 yaks
  A steam dragon (D:8)
  2 wargs
  Edmund (D:4)
  6 water moccasins
  A hell hound (D:9)
  3 porcupines (Lair:1)
  3 sky beasts
  27 orc warriors
  2 ice beasts
  A swamp drake (Orc:1)
  A necrophage (D:9)
  A phantom (D:8)
  A black bear (Lair:1)
  18 ogres
  2 centaurs
  3 crocodiles
  8 bullfrogs
  2 big kobolds (Sewer)
  A scorpion (D:7)
  4 crimson imps
  2 bullfrog zombies
  A centaur zombie (D:5)
  3 howler monkeys
  A quasit (D:5)
  3 centaur skeletons
  5 hounds
  A jelly (D:7)
  14 orc wizards
  16 orc priests
  4 bullfrog skeletons
  An iron imp (Orc:1)
  Jessica (D:2)
  6 iguanas
  Ijyb (D:4)
  2 hell rats (Lair:1)
  4 worker ants
  2 hound skeletons
  7 gnolls
  A howler monkey skeleton (D:9)
  11 adders
  13 river rats
  2 shadow imps
  A white imp (Orc:1)
  5 oozes
  2 adder skeletons
  8 worms
  9 leopard geckos
  85 orcs
  8 bats
  4 giant cockroaches
  10 goblins
  13 hobgoblins
  20 jackals
  A quokka (D:6)
  5 ball pythons
  5 frilled lizards
  23 kobolds
  A quokka skeleton (D:4)
  A quokka zombie (D:6)
  12 rats
473 creatures vanquished.

Vanquished Creatures (others)
  An orc wizard (Orc:1)
  An orc (Orc:1)
  A bush (Lair:2)
3 creatures vanquished.

Grand Total: 476 creatures vanquished

Notes
Turn   | Place    | Note
-------+----------+-------------------------------------------
     0 | D:1      | Jannitor the Felid Earth Elementalist began the quest for the Orb.
     0 | D:1      | Reached XP level 1. HP: 7/7 MP: 4/4
   357 | D:1      | Reached XP level 2. HP: 2/11 MP: 0/6
  1436 | D:2      | Reached XP level 3. HP: 14/14 MP: 4/7
  1613 | D:2      | Reached XP level 4. HP: 18/18 MP: 2/8
  2092 | D:2      | Noticed Jessica
  2101 | D:2      | Killed Jessica
  2112 | D:2      | Reached XP level 5. HP: 20/21 MP: 4/10
  2482 | D:2      | Reached skill level 1 in Unarmed Combat
  2575 | D:3      | Noticed Peloso's ghost (amateur DsFi)
  2662 | D:3      | Learned a level 3 spell: Stone Arrow
  2738 | D:3      | Found a glowing drain.
  2742 | Sewer    | Entered a sewer
  3068 | Sewer    | Reached skill level 1 in Conjurations
  3431 | Sewer    | Gained mutation: You are covered in thick fur. (AC +2) [Felid growth]
  3431 | Sewer    | Reached XP level 6. HP: 11/24 MP: 5/11
  4816 | D:3      | Noticed Sigmund
  5159 | D:4      | Found a staircase to the Ecumenical Temple.
  5195 | Temple   | Entered the Ecumenical Temple
  5225 | Temple   | Became a worshipper of Sif Muna the Loreminder
  5294 | D:4      | Noticed Ijyb
  5430 | D:4      | Noticed Mrkan's ghost (amateur DsFi)
  6111 | D:3      | Killed Sigmund
  6111 | D:3      | Reached skill level 5 in Earth Magic
  6111 | D:3      | Reached XP level 7. HP: 27/27 MP: 2/12
  6233 | D:4      | Killed Ijyb
  6300 | D:5      | Entered Level 5 of the Dungeon
  6595 | D:5      | Reached * piety under Sif Muna
  6644 | D:5      | Reached skill level 1 in Fighting
  6813 | D:5      | Found a blossoming altar of Fedhas.
  6847 | D:5      | Reached XP level 8. HP: 32/32 MP: 2/13
  6912 | D:5      | Reached skill level 5 in Dodging
  7281 | D:5      | Found an opulent altar of Gozag.
  7431 | D:5      | Reached skill level 2 in Fighting
  8270 | D:6      | Noticed Peloso's ghost (novice DsFi)
  8404 | D:4      | Noticed Edmund
  8412 | D:4      | Killed Edmund
  8412 | D:4      | Reached skill level 3 in Fighting
  9238 | D:6      | Reached XP level 9. HP: 38/38 MP: 7/16
  9315 | D:6      | Killed from afar by an orc wizard
  9316 | D:6      | Reached XP level 8. HP: -1/34 MP: 4/15
  9431 | D:6      | Found a runed door.
  9455 | D:6      | Found a basalt altar of Yredelemnul.
  9911 | D:6      | Learned a level 2 spell: Passwall
  9917 | D:6      | Learned a level 5 spell: Lee's Rapid Deconstruction
  9922 | D:6      | Learned a level 4 spell: Petrify
 10003 | D:7      | Reached skill level 4 in Fighting
 10397 | D:7      | Found a snail-covered altar of Cheibriados.
 10444 | D:7      | Found a deep blue altar of Sif Muna.
 10588 | D:8      | Reached ** piety under Sif Muna
 10714 | D:8      | Reached XP level 9. HP: 39/39 MP: 12/16
 10716 | D:8      | Noticed Joseph
 10972 | D:8      | Killed Joseph
 11149 | D:8      | Reached skill level 5 in Unarmed Combat
 11582 | D:8      | Reached skill level 5 in Fighting
 11766 | D:9      | Found a staircase to the Orcish Mines.
 11894 | D:9      | Noticed Psyche
 11911 | D:9      | Killed Psyche
 12259 | D:9      | Found a staircase to the Lair.
 12294 | D:9      | Reached XP level 10. HP: 21/44 MP: 0/17
 12873 | D:8      | HP: 2/45 [hell hound/blast of flame (17)]
 12907 | D:8      | Killed from afar by a hell hound
 12908 | D:8      | Reached XP level 9. HP: -10/40 MP: 15/16
 13151 | D:10     | Entered Level 10 of the Dungeon
 13538 | D:10     | Noticed a two-headed ogre
 13551 | D:10     | Demolished by a two-headed ogre
 13552 | D:10     | Reached XP level 8. HP: -16/37 MP: 4/15
 13562 | D:10     | Killed a two-headed ogre
 13694 | D:10     | Reached skill level 5 in Transmutations
 13701 | D:10     | Reached skill level 6 in Fighting
 13701 | D:10     | Reached XP level 9. HP: 41/41 MP: 2/16
 13923 | D:11     | Noticed Gastronok
 14113 | D:11     | Noticed a gargoyle
 14117 | D:11     | Killed a gargoyle
 14248 | D:11     | Found a flagged portal.
 14251 | D:11     | Reached *** piety under Sif Muna
 14259 | Bailey   | Entered a bailey
 14285 | Bailey   | Noticed an orc knight
 14437 | D:11     | Reached skill level 5 in Stealth
 14503 | D:11     | Noticed a purple ugly thing
 14520 | D:11     | Found Conudo's Assorted Antiques.
 14534 | D:11     | Noticed a manticore
 14874 | Lair:1   | Entered Level 1 of the Lair of Beasts
 15400 | Lair:1   | Reached skill level 5 in Spellcasting
 15532 | Lair:1   | Noticed a black mamba
 15548 | Lair:1   | Killed a black mamba
 15590 | Lair:1   | Noticed a spiny frog
 15782 | Lair:1   | Reached XP level 10. HP: 45/46 MP: 12/18
 15837 | Lair:1   | Noticed a spiny frog
 15851 | Lair:1   | Killed a spiny frog
 15892 | Lair:1   | Noticed a black mamba
 15904 | Lair:1   | Killed a black mamba
 15953 | Lair:1   | Noticed a spiny frog
 15970 | Lair:1   | Killed a spiny frog
 16562 | Lair:2   | Noticed a molten gargoyle
 16757 | Lair:2   | Noticed a spiny frog
 16764 | Lair:2   | Killed a spiny frog
 16804 | Lair:2   | Noticed a seven-headed hydra
 16914 | Lair:2   | Found a dark tunnel.
 16926 | Volcano  | Entered a volcano
 16944 | Volcano  | Noticed a centaur warrior
 17000 | Lair:2   | Learned a level 4 spell: Cause Fear
 17043 | Lair:2   | Noticed a six-headed hydra
 17213 | Lair:2   | Found a hole to the Spider Nest.
 17213 | Lair:2   | Noticed an orb spider
 17281 | Lair:2   | Killed an orb spider
 17281 | Lair:2   | Reached skill level 7 in Fighting
 17281 | Lair:2   | Reached skill level 1 in Hexes
 17606 | Lair:3   | Noticed a spiny frog
 17613 | Lair:3   | Noticed a spiny frog
 17631 | Lair:3   | Killed a spiny frog
 17641 | Lair:3   | Killed a spiny frog
 17788 | Lair:3   | Found a labyrinth entrance.
 17798 | Lab      | Entered a labyrinth
 17826 | Lab      | Reached XP level 11. HP: 50/50 MP: 20/20
 17856 | Lab      | Reached **** piety under Sif Muna
 18163 | Lab      | Learned a level 2 spell: Slow
 18411 | Lab      | Noticed a minotaur
 18424 | Lab      | Killed a minotaur
 18426 | Lab      | Got a flickering turquoise ring
 18427 | Lab      | Identified the ring "Baoruh" {MP-9 Int+5 Slay+2} (You took it off a minotaur in a labyrinth)
 18436 | Lab      | Got a warped wooden ring
 18438 | Lab      | Identified the ring "Mexkesue" {Str+3 Stlth+} (You found it in a labyrinth)
 18902 | Lair:3   | Reached skill level 5 in Hexes
 19358 | Lair:3   | Reached skill level 8 in Fighting
 19723 | Lair:2   | Killed a six-headed hydra
 20158 | Orc:1    | Entered Level 1 of the Orcish Mines
 20525 | Orc:2    | Entered Level 2 of the Orcish Mines
 21049 | Orc:2    | Noticed a two-headed ogre
 21080 | Orc:2    | Reached skill level 1 in Evocations
 21126 | Orc:1    | Found a roughly hewn altar of Beogh.
 21569 | Orc:1    | Noticed a deep elf mage
 21579 | Orc:1    | Noticed a deep elf mage
 21892 | Orc:1    | Reached ***** piety under Sif Muna
 21916 | Orc:1    | Learned a level 2 spell: Blink
 21949 | Orc:1    | Killed a deep elf mage
 21949 | Orc:1    | Reached skill level 1 in Translocations
 22279 | Orc:2    | Killed a two-headed ogre
 22279 | Orc:2    | Received a gift from Sif Muna
 22279 | Orc:2    | Gained mutation: Your thick and shaggy fur keeps you warm. (AC +3, rC+) [Felid growth]
 22279 | Orc:2    | Reached XP level 12. HP: 56/56 MP: 14/23
 22284 | Orc:2    | Identified Fosicu's Catalogue of Air and Combat Magic (Sif Muna gifted it to you on level 2 of the Orcish Mines)
 22402 | Orc:2    | Reached skill level 9 in Fighting
 22919 | Orc:2    | Reached skill level 5 in Translocations
 23039 | Orc:2    | Found a staircase to the Elven Halls.
 23671 | Orc:2    | Found a roughly hewn altar of Beogh.
 23673 | Orc:2    | Found Miafol's Magic Scroll Emporium.
 23677 | Orc:2    | Bought a scroll of vulnerability for 82 gold pieces
 23677 | Orc:2    | Bought 2 scrolls of teleportation for 66 gold pieces
 23682 | Orc:2    | Found Beme's Assorted Antiques.
 23752 | Orc:2    | Noticed a two-headed ogre
 23763 | Orc:2    | Killed a two-headed ogre
 23920 | Orc:2    | Bought a sapphire ring for 150 gold pieces
 23920 | Orc:2    | Bought a papyrus book for 450 gold pieces
 23920 | Orc:2    | Bought 2 scrolls labeled DOG FOHOQOITIN for 60 gold pieces
 23920 | Orc:2    | Bought an opal ring for 150 gold pieces
 23920 | Orc:2    | Identified a scroll of acquirement
 23935 | Orc:2    | Learned a level 4 spell: Summon Lightning Spire
 24019 | Orc:2    | Noticed a two-headed ogre
 24028 | Orc:2    | Killed a two-headed ogre
 24028 | Orc:2    | Reached skill level 10 in Fighting
 24045 | Orc:2    | Reached skill level 1 in Summonings
 24150 | Orc:2    | Identified Sif Muna's Almanac of the Compass and Heat (Sif Muna gifted it to you on level 2 of the Orcish Mines)
 24150 | Orc:2    | Received a gift from Sif Muna
 24353 | Orc:2    | Noticed Saint Roka
 25116 | Orc:2    | Killed from afar by Saint Roka

Skill      XL: |  1  2  3  4  5  6  7  8  9 10 11 12 |
---------------+-------------------------------------+-----
Stealth        | 3 4 5 7 9 |  9.2
Dodging        | 3 4 9 8 |  9.1
Earth Magic    | 3 4 5 8 9 |  9.5
Unarmed Combat | 1 6 5 |  6.2
Conjurations   | 1 3 4 |  4.0
Fighting       | 1 6 5 7 8 10 | 10.1
Spellcasting   | 3 4 5 6 8 |  8.4
Transmutations | 5 4 6 |  6.2
Hexes          | 3 6 |  6.2
Evocations     | 3 |  3.1
Translocations | 2 7 |  7.0
Summonings     | 1 |  1.9

Action                   |  1- 3 |  4- 6 |  7- 9 | 10-12 || total
-------------------------+-------+-------+-------+-------++-------
Melee: Unarmed           |    30 |   355 |   239 |   415 ||  1039
       Bite              |     2 |    21 |    10 |    52 ||    85
       Punch             |       |     1 |     3 |     5 ||     9
 Cast: Sandblast         |    35 |    34 |    16 |     5 ||    90
       Stone Arrow       |       |    36 |   252 |    17 ||   305
       Lee's Rapid Decon |       |       |    15 |    78 ||    93
       Passwall          |       |       |     2 |     1 ||     3
       Petrify           |       |       |    10 |   163 ||   173
       Cause Fear        |       |       |       |     3 ||     3
       Blink             |       |       |       |     1 ||     1
Invok: Stop Divine Energ |       |       |     8 |     7 ||    15
       Divine Energy     |       |       |     9 |     6 ||    15
Evoke: Wand              |       |       |     7 |     1 ||     8
  Use: Potion            |       |     1 |     6 |     4 ||    11
       Scroll            |       |     1 |    16 |     9 ||    26
 Stab: Sleeping          |     2 |    11 |     5 |    16 ||    34
       Distracted        |       |     1 |       |     1 ||     2
       Petrified         |       |       |    12 |   118 ||   130
       Petrifying        |       |       |     1 |    26 ||    27
  Eat: Chunk             |     6 |    12 |    52 |    59 ||   129
       Ration            |       |       |     2 |     4 ||     6
Armor: Skin              |     4 |    19 |    34 |     7 ||    64
Dodge: Dodged            |    57 |   301 |   261 |   374 ||   993
